AoeStats
← =)Svanhilde

African Clearing

510855468Analyzed
4v4 RM · 13h ago on Oct 2, 2026· 39m 38s· 8 players
Game mode
Random Map
Map size
Large (8 player)
Population
200
Speed
Normal
Resources
Standard
Victory
Conquest
Starting age
Dark Age
Ending age
Imperial Age
RankedLock teamsTeams togetherTeam positionsShared explorationLock speedFull tech treeHidden civsTurbo modeCheats
Victory
Defeat
🇹🇷 Japanese · Türkiye
1997
+5
🇫🇷 Huns · France
1895
+7
🇦🇷 Vietnamese · Argentina
1676
+15
🇦🇷 Chinese · Argentina
1644
+16
🇮🇳 Vietnamese · India
1792
-15
🇮🇳 Tupi · India
1712
-12
🇦🇺 Mongols · Australia
1602
-8
🇺🇸 Berbers · United States
1597
-8
Idle Brother
13:19 Feudal Age
13:07 Loom
14:25 Double-Bit Axe
16:59 Castle Age
15:13 Fishing Lines
17:03 Fletching
17:53 Bow Saw
18:59 Bodkin Arrow
24:40 Horse Collar
24:40 Horse Collar
26:20 Gold Mining
26:58 Bloodlines
26:51 Husbandry
28:20 Padded Archer Armor
28:20 Padded Archer Armor
28:26 Thumb Ring
28:47 Gillnets
30:17 Wheelbarrow
29:27 Town Watch
30:08 Leather Archer Armor
33:44 Hand Cart
33:54 Heavy Plow
34:29 Gold Shaft Mining
37:57 Imperial Age
36:12 Ballistics
35:32 Treadmill Crane
36:18 Stone Mining
38:00 Masonry
38:46 Bracer
39:47 Chemistry
=)Svanhilde
10:18 Loom
14:36 Feudal Age
15:25 Double-Bit Axe
20:35 Castle Age
20:23 Fletching
21:32 Bow Saw
22:16 Bodkin Arrow
27:13 Padded Archer Armor
Franco Guanajuato
3:40 Loom
13:16 Feudal Age
17:12 Castle Age
15:23 Double-Bit Axe
18:23 Bow Saw
19:58 Fletching
20:18 Elite Skirmisher
21:57 Horse Collar
24:06 Bodkin Arrow
24:35 Padded Archer Armor
25:24 Wheelbarrow
25:44 Town Watch
31:00 Imperial Age
29:06 Leather Archer Armor
30:24 Ballistics
30:46 Gold Mining
30:47 Stone Mining
31:51 Bracer
38:31 Chemistry
[Gaucho]Batata
3:29 Loom
14:32 Feudal Age
18:42 Castle Age
17:03 Double-Bit Axe
18:02 Fishing Lines
32:26 Horse Collar
32:56 Bow Saw
36:51 Gillnets
MrWrong
12:57 Feudal Age
13:03 Loom
16:59 Castle Age
15:14 Double-Bit Axe
18:09 Bow Saw
22:10 Fletching
24:48 Bodkin Arrow
26:12 Padded Archer Armor
28:36 Horse Collar
29:52 Wheelbarrow
32:15 Hand Cart
35:26 Imperial Age
33:38 Hand Cart
34:05 Gold Mining
36:27 Scale Barding Armor
37:01 Bloodlines
36:12 Cavalier
36:53 Husbandry
38:22 Chain Barding Armor
link_chaos
6:21 Loom
13:36 Feudal Age
17:14 Castle Age
15:32 Double-Bit Axe
15:32 Horse Collar
18:55 Fletching
19:45 Bodkin Arrow
26:22 Padded Archer Armor
28:04 Leather Archer Armor
34:14 Bow Saw
PEPPA
6:44 Loom
9:00 Loom
14:28 Feudal Age
20:59 Double-Bit Axe
28:04 Castle Age
38:48 Imperial Age
Morty
12:19 Feudal Age
16:30 Castle Age
16:14 Loom
19:07 Fletching
19:43 Bodkin Arrow
21:58 Padded Archer Armor
23:38 Ballistics
23:20 Padded Archer Armor
23:19 Double-Bit Axe
32:51 Imperial Age
33:44 Bracer
34:55 Chemistry
Connection lost

Rejoining the realm…

Still unreachable

The connection could not be restored.

Session expired

The server has moved on; the page needs a fresh start.